 Dungeon Crawl Stone Soup version 0.24.0-13-gcf9b319 (webtiles) character file.

Game seed: 2771642696726404005, levelgen mode: deterministic

57 Bronimir the Insei (level 4, -5/28 HPs)
             Began as an Octopode Transmuter on Mar 16, 2020.
             Killed from afar by Natasha (10 damage)
             ... with a magic dart
             ... on level 2 of the Dungeon.
             The game lasted 00:04:46 (2193 turns).

Bronimir the Insei (Octopode Transmuter)            Turns: 2193, Time: 00:04:47

Health: -5/28      AC:  1    Str: 10    XL:     4   Next: 0%
Magic:  0/7        EV: 13    Int: 15    God:
Gold:   56         SH:  0    Dex: 12    Spells: 1/7 levels left

rFire    . . .     SeeInvis .     - Unarmed
rCold    . . .     Gourm    .   (no shield)
rNeg     . . .     Faith    .   (helmet restricted)
rPois    .         Spirit   .   d - amulet of the acrobat
rElec    .         Reflect  .   (no ring)
rCorr    .         Harm     .   (no ring)
MR       .....                  (no ring)
Stlth    ++........             (no ring)
HPRegen  0.09/turn              (no ring)
MPRegen  0.10/turn              (no ring)
                                (no ring)
                                (no ring)

@: about to teleport, very slightly contaminated, slowed, very slow
A: almost no armour, stealthy swim, amphibious, 8 rings, constrict 8, camouflage
1, gelatinous body 1
a: no special abilities


You were on level 2 of the Dungeon.
You were not hungry.

You visited 1 branch of the dungeon, and saw 2 of its levels.

You collected 56 gold pieces.

Inventory:

Hand Weapons
 j - a +3 dagger
Missiles
 a - 60 arrows
 g - 5 javelins (quivered)
 h - 23 sling bullets
 o - 15 bolts
Armour
 k - a +0 shield
Jewellery
 d - an amulet of the acrobat (around mantle)
Scrolls
 e - a scroll of blinking {unknown}
 f - a scroll of enchant weapon {unknown}
 m - a scroll of fear {unknown}
 n - a scroll of remove curse {unknown}
Potions
 i - a potion of curing {unknown}
Comestibles
 c - 2 rations
 l - 3 chunks of flesh


   Skills:
 + Level 1.2 Fighting
 + Level 2.2 Dodging
 * Level 0.3 Shields
 * Level 3.9 Unarmed Combat
 + Level 2.3 Spellcasting
 * Level 2.4 Transmutations
 * Level 0.2 Poison Magic


You had one spell level left.
You knew the following spells:

 Your Spells              Type           Power        Failure   Level  Hunger
a - Beastly Appendage     Tmut           #.....       8%          1    #......
b - Sticks to Snakes      Tmut           #.......     12%         2    ###....
c - Spider Form           Tmut/Pois      #.........   36%         3    ###....

Your spell library contained the following spells:

 Spells                   Type           Power        Failure   Level  Hunger
 Ice Form                 Ice/Tmut       #.......     78%         4    #####..
 Blade Hands              Tmut           #.........   91%         5    ######.


Dungeon Overview and Level Annotations

Branches:
Dungeon (2/15)

Altars:
Nemelex Xobeh

Annotations:
D:2 Natasha


Innate Abilities, Weirdness & Mutations

You cannot wear most types of armour.
You are very stealthy in the water. (Stealth+)
You are amphibious.
You can wear up to eight rings at the same time.
You can use your tentacles to constrict eight enemies at once.
Your skin changes colour to match your surroundings (Stealth+).
Your rubbery body absorbs attacks. (AC +1, EV +1)


Message History

Confirm with . or Enter, or press ? or * to list all spells.
You create a snake!
You now have 60 arrows.
Natasha stares at you and mumbles some strange words.
The magic dart hits you! Natasha completely misses you.
You swap places.
Your ball python bites Natasha but does no damage.
Your ball python closely misses Natasha.
Natasha claws your ball python.
Your ball python dies!
Okay, then.
Casting: Sticks to Snakes (safe; 12% risk of failure)
Confirm with . or Enter, or press ? or * to list all spells.
You miscast Spider Form.
You feel slightly ill. Natasha claws you.
* * * LOW HITPOINT WARNING * * *
As you read the scroll labeled MITISM WECESK, it crumbles to dust.
You feel strangely unstable.
It was a scroll of teleportation.
Natasha stares at you and mumbles some strange words.
The magic dart hits you!
You die...

#####.......# #.#
....#.......####.#
....#.......'....#
....#.......######
....#.......#
...[#.h.....#
....#.......# ##########
..)...##'#######........#
....#.##......5h@..####.#
....⌠.⌠#†##############.#
)...._...##.............#
....⌠.⌠..##.##########..#
.......#.##.#...........#
.......#.##.#.########..#
.........##.#.# ##.#
....(..#.##.#.# #.#
#####'##.##.#.# #.#


You could see Natasha and a shadow imp.

Vanquished Creatures
  2 adders (D:2)
  An ooze (D:1)
  A leopard gecko (D:2)
  2 goblins
  3 hobgoblins (D:1)
  4 jackals (D:1)
  3 kobolds
  A quokka (D:2)
  8 bats
  3 frilled lizards (D:1)
  5 rats (D:1)
33 creatures vanquished.

Notes
Turn   | Place    | Note
-------+----------+-------------------------------------------
     0 | D:1      | Bronimir the Octopode Transmuter began the quest for the
                  | Orb.
     0 | D:1      | Reached XP level 1. HP: 13/13 MP: 3/3
    21 | D:1      | Reached XP level 2. HP: 16/18 MP: 3/5
   736 | D:1      | Learned a level 2 spell: Sticks to Snakes
  1079 | D:1      | Reached XP level 3. HP: 23/23 MP: 6/6
  1649 | D:2      | Learned a level 3 spell: Spider Form
  1974 | D:2      | Found a sparkling altar of Nemelex Xobeh.
  2155 | D:2      | Reached XP level 4. HP: 23/28 MP: 5/7
  2182 | D:2      | Noticed Natasha
  2193 | D:2      | Killed from afar by Natasha

Levels and vault maps discovered:
D:1:      onia_arrival_handbag, layout_basic
D:2:      layout_basic, marbit_many_paths, nemelex_xobeh_ov_fountains_minmay,
          grunt_decor_cap, uniq_crazy_yiuf_cottage, uniq_jessica, uniq_natasha

Action                   |  1- 3 |  4- 6 || total
-------------------------+-------+-------++-------
Melee: Unarmed           |    60 |       ||    60
       Constrict         |    15 |       ||    15
       Kick              |     6 |       ||     6
       Tentacles         |     7 |       ||     7
       Punch             |     1 |       ||     1
Throw: Javelin           |    13 |       ||    13
 Cast: Beastly Appendage |    11 |       ||    11
       Sticks to Snakes  |     2 |     1 ||     3
  Use: Scroll            |       |     1 ||     1
 Stab: Sleeping          |     2 |       ||     2
  Eat: Chunk             |     1 |       ||     1
       Ration            |     1 |       ||     1
Armor: Skin              |     6 |       ||     6
Dodge: Dodged            |    44 |     1 ||    45
